 Dungeon Crawl Stone Soup version 0.25-a0-578-gc91f01c (webtiles) character file.

Game seed: 317811216635528853, levelgen mode: deterministic

238 15 the Magician (level 5, -1/29 HPs)
             Began as a Deep Elf Fire Elementalist on Mar 4, 2020.
             Slain by a worker ant (6 damage)
             ... on level 3 of the Dungeon.
             The game lasted 00:14:09 (3287 turns).

15 the Magician (Deep Elf Fire Elementalist)        Turns: 3287, Time: 00:14:10

Health: -1/29      AC:  3    Str:  6    XL:     5   Next: 78%
Magic:  11/14      EV: 14    Int: 20    God:
Gold:   168        SH:  0    Dex: 15    Spells: 3/14 levels left

rFire    . . .     SeeInvis .   l - +0 dagger (venom)
rCold    . . .     Gourm    .   (no shield)
rNeg     . . .     Faith    .   a - +0 robe
rPois    .         Spirit   .   (no helmet)
rElec    .         Reflect  .   (no cloak)
rCorr    .         Harm     .   (no gloves)
MR       .....                  i - +0 pair of boots
Stlth    ++........             (no amulet)
HPRegen  0.09/turn              (no ring)
MPRegen  0.14/turn              (no ring)

@: lethally poisoned (-1 -> -5)
A: no striking features
a: no special abilities


You were on level 3 of the Dungeon.
You were not hungry.

You visited 1 branch of the dungeon, and saw 4 of its levels.

You collected 168 gold pieces.

Inventory:

Hand Weapons
 l - a +0 dagger of venom (weapon)
Armour
 a - a +0 robe (worn)
 h - the +1 helmet "Etuufrio" {Str-4 Dex+8}
   (You took it off Robin on level 3 of the Dungeon)

   It affects your strength (-4).
   It affects your dexterity (+8).
   If you switch to wearing this armour, your AC will increase by 2 (3 -> 5).
 i - a +0 pair of boots (worn)
Wands
 m - a wand of polymorph (5)
Scrolls
 b - a scroll of fog {unknown}
 e - a scroll of enchant weapon
 f - a scroll of amnesia {unknown}
 j - a scroll of immolation
 k - 2 scrolls of remove curse {unknown}
Comestibles
 c - 7 rations


   Skills:
 * Level 1.2 Fighting
 * Level 0.6 Armour
 * Level 3.5 Dodging
 + Level 2.8 Stealth
 * Level 5.1 Spellcasting
 * Level 2.9 Conjurations
 + Level 4.1 Fire Magic


You had 3 spell levels left.
You knew the following spells:

 Your Spells              Type           Power        Failure   Level  Hunger
a - Foxfire               Conj/Fire      ###.         2%          1    None
b - Conjure Flame         Conj/Fire      ###.....     8%          3    ##.....
c - Inner Flame           Hex/Fire       ##......     14%         3    ##.....
d - Sticky Flame          Conj/Fire      ###.....     26%         4    ####...

Your spell library contained the following spells:

 Spells                   Type           Power        Failure   Level  Hunger
 Fireball                 Conj/Fire      ###.......   58%         5    #####..


Dungeon Overview and Level Annotations

Branches:
Dungeon (4/15)
 Temple: D:4-7

Altars:


Message History

Aim: an adder The sticky flame hits the adder.
The adder is heavily wounded.
The adder is covered in liquid flames!
The adder burns!
The adder bites you but does no damage.
The adder burns!
The adder bites you.
* * * LOW HITPOINT WARNING * * *
You are poisoned.
The adder poisons you!
You aren't carrying any potions.
Unknown command.
* * * LOW HITPOINT WARNING * * *
You feel sick.
The adder burns!
You kill the adder!
* * * LOW HITPOINT WARNING * * *
You feel sick.
* * * LOW HITPOINT WARNING * * *
You feel sick. The worker ant bites you.
You die...

######## #......#
##.##.#.#
#.[##...#
###รท>##.#
###..##a#
#..##..@###
##.##.#...#
####.....#
###(...#
#########......#
#..............#
#..............#
#..............#
##..............#


You could see a worker ant.

Vanquished Creatures
  A hound (D:3)
  Robin (D:3)
  5 adders
  2 oozes (D:3)
  4 worms
  3 dart slugs
  4 leopard geckos
  6 orcs
  A ball python (D:2)
  4 giant cockroaches
  22 goblins
  13 hobgoblins
  3 jackals (D:3)
  14 kobolds
  3 quokkas
  8 bats
  7 frilled lizards
  11 rats
112 creatures vanquished.

Vanquished Creatures (others)
  253 foxfires
253 creatures vanquished.

Grand Total: 365 creatures vanquished

Notes
Turn   | Place    | Note
-------+----------+-------------------------------------------
     0 | D:1      | 15 the Deep Elf Fire Elementalist began the quest for the
                  | Orb.
     0 | D:1      | Reached XP level 1. HP: 10/10 MP: 6/6
   122 | D:1      | Reached XP level 2. HP: 15/15 MP: 3/8
   488 | D:1      | Reached XP level 3. HP: 20/20 MP: 8/10
   672 | D:1      | Reached skill level 4 in Spellcasting
   935 | D:2      | Learned a level 3 spell: Conjure Flame
   939 | D:2      | Learned a level 3 spell: Inner Flame
  1299 | D:2      | Reached XP level 4. HP: 20/24 MP: 4/12
  1882 | D:3      | Identified the +1 helmet "Etuufrio" {Str-4 Dex+8}
  1882 | D:3      | Noticed Robin
  2325 | D:3      | Killed Robin
  2325 | D:3      | Reached XP level 5. HP: 28/28 MP: 7/14
  2425 | D:3      | Learned a level 4 spell: Sticky Flame
  2987 | D:3      | Reached skill level 1 in Fighting
  2987 | D:3      | Reached skill level 5 in Spellcasting
  3287 | D:3      | Slain by a worker ant

Levels and vault maps discovered:
D:1:      saegor_arrival_simple_a, layout_loops_cross
D:2:      layout_basic, minmay_pentomino_o2
D:3:      layout_rooms, st_stairs_7, kennysheep_generic_room_13, uniq_robin
D:4:      layout_basic, kennysheep_little_box, amethyst_overflow_temple_binary,
          first_ration, serial_shops, nicolae_shop_crystal,
          minmay_a_box_with_orc_wizards_in_it

Skill      XL: |  1  2  3  4  5 |
---------------+----------------+-----
Spellcasting   | 4 5 |  5.1
Dodging        | 3 |  3.5
Conjurations   | 2 |  2.9
Fire Magic     | 4 |  4.1
Fighting       | 1 |  1.2
Armour         | |  0.6
Stealth        | |  2.8

Action                   |  1- 3 |  4- 6 || total
-------------------------+-------+-------++-------
Melee: Short sword       |     5 |       ||     5
       Dagger            |    15 |    36 ||    51
 Cast: Foxfire           |   102 |    97 ||   199
       Sticky Flame      |       |     6 ||     6
       Inner Flame       |       |     2 ||     2
Evoke: Wand              |       |     1 ||     1
  Use: Scroll            |     2 |     1 ||     3
       Potion            |       |     3 ||     3
 Stab: Invisible         |       |     1 ||     1
  Eat: Chunk             |     1 |     7 ||     8
Armor: Robe              |    12 |     9 ||    21
Dodge: Dodged            |    19 |    52 ||    71

Table legend:
 A = Non-vault XP
 B = Vault XP
 C = Vault XP percentage of total XP
 D = Non-vault monster count
 E = Vault monster count
 F = Vault count percentage of total count
                 A         B        C        D         E       F
            +---------+---------+-------+---------+---------+-------
      Total |     297 |      43 |  12.6 |      97 |      15 |  13.4
            +---------+---------+-------+---------+---------+-------
        D:1 |      53 |       0 |   0.0 |      33 |       0 |   0.0
        D:2 |      89 |       2 |   2.2 |      31 |       1 |   3.1
        D:3 |     145 |      41 |  22.0 |      29 |      14 |  32.6
        D:4 |      10 |       0 |   0.0 |       4 |       0 |   0.0
            +---------+---------+-------+---------+---------+-------
